 Dungeon Crawl Stone Soup version 0.24-a0-235-g3f03afc (webtiles) character file.

Game seed: 13236886466058391940

119485 Lianjan the Thaumaturge (level 16, 0/134 HPs)
             Began as a Yellow Draconian Wizard on Apr 5, 2019.
             Was an Initiate of Gozag.
             Killed from afar by Nikola (18 damage)
             ... with a chain lightning
             ... on level 2 of the Spider Nest.
             The game lasted 03:01:07 (42952 turns).

Lianjan the Thaumaturge (Yellow Draconian Wizard)  Turns: 42952, Time: 03:01:08

Health: 0/134      AC: 13    Str: 11      XL:     16   Next: 27%
Magic:  4/30       EV: 17    Int: 30      God:    Gozag
Gold:   1071       SH:  0    Dex:  9 (10) Spells: 7/36 levels left

rFire    . . .     SeeInvis +   b - +8 autumn katana {slice, Clar}
rCold    . . .     Gourm    .   (no shield)
rNeg     . . .     Faith    .   (armour unavailable)
rPois    +         Spirit   .   C - +0 hat
rElec    .         Reflect  .   v - +2 cloak {rPois}
rCorr    +         Harm     .   n - +0 pair of gloves {archery}
MR       +....     Clarity  +   (no boots)
Stlth    ++++......             O - amulet of regeneration
HPRegen  0.72/turn              G - +6 ring of intelligence
MPRegen  0.22/turn              W - ring of see invisible

@: short of breath, gold aura
A: spit acid, unfitting armour, acidic bite, cold-blooded, acid resistance, AC
+9
a: Breathe Acid, Potion Petition, Call Merchant, Bribe Branch, Renounce Religion


You were on level 2 of the Spider Nest.
You worshipped Gozag.
Gozag was most pleased with you.
You were hungry.

You visited 6 branches of the dungeon, and saw 27 of its levels.
You also visited: Sewer, Gauntlet and Volcano.

You collected 9987 gold pieces.
You spent 6019 gold pieces at shops.
You paid 2897 gold pieces to Gozag.

Inventory:

Hand Weapons
 b - the +8 autumn katana (weapon) {slice, Clar}
   (You found it on level 6 of the Lair of Beasts)

   It inflicts extra damage upon your enemies.
   It protects you against confusion.
 U - a +0 blowgun
Missiles
 f - 879 stones (quivered)
 t - 4 throwing nets
 T - 16 curare-tipped needles
Armour
 i - a +0 shield
 n - a +0 pair of gloves of archery (worn)
 v - a +2 cloak of poison resistance (worn)
 w - a +1 cloak of fire resistance
 C - a +0 hat (worn)
Magical Staves
 a - an uncursed staff of wizardry
Jewellery
 k - an uncursed ring of flight
 m - the ring of Doryruso {rC++ Stlth+}
   (You bought it in a shop on level 9 of the Dungeon)

   [ring of stealth]

   It greatly protects you from cold.
   It makes you more stealthy.
 u - an uncursed ring of protection from magic
 G - a +6 ring of intelligence (left hand)
 O - an amulet of regeneration (around neck)
 W - a ring of see invisible (right hand)
 Z - an uncursed ring of fire
Wands
 E - a wand of disintegration (9)
 F - a wand of paralysis (41)
 J - a wand of clouds (6)
 K - a wand of iceblast (17)
 R - a wand of acid (16)
 V - a wand of scattershot (4)
 Y - a wand of flame (10)
Scrolls
 d - 6 scrolls of teleportation
 h - a scroll of silence
 o - 5 scrolls of immolation
 I - 5 scrolls of fog
 M - 5 scrolls of blinking
 N - 3 scrolls of magic mapping
 X - 2 scrolls of fear
Potions
 e - 3 potions of flight
 g - 7 potions of haste
 j - 4 potions of heal wounds
 l - 6 potions of might
 p - 2 potions of lignification
 q - 5 potions of curing
 r - a potion of resistance
 s - 4 potions of berserk rage
 x - 5 potions of brilliance
 z - a potion of ambrosia
 B - 2 potions of magic
 Q - a potion of agility
Miscellaneous
 L - a lamp of fire (inert)
 S - a fan of gales
Comestibles
 c - 22 rations


   Skills:
 - Level 10.1 Fighting
 + Level 7.5 Long Blades
   Level 4.4 Maces & Flails
 - Level 10.3 Dodging
 - Level 10.0 Stealth
 + Level 7.0 Shields
 + Level 10.5 Spellcasting
 - Level 10.0 Conjurations
 - Level 2.0 Summonings
 - Level 2.0 Translocations
 - Level 6.0 Ice Magic
 - Level 9.0 Air Magic
 * Level 8.3 Earth Magic
 - Level 6.0 Poison Magic
 - Level 7.0 Evocations


You had 7 spell levels left.
You knew the following spells:

 Your Spells              Type           Power        Failure   Level  Hunger
a - Magic Dart            Conj           ####         1%          1    None
b - Call Imp              Summ           ####....     2%          2    None
c - Blink                 Tloc           N/A          2%          2    None
d - Mephitic Cloud        Conj/Pois/Air  ######..     1%          3    None
e - Conjure Flame         Conj/Fire      #####...     1%          3    None
f - Poisonous Vapours     Pois/Air       ######       1%          2    None
g - Olgreb's Toxic Radia  Pois           ######..     2%          4    None
h - Freezing Cloud        Conj/Ice/Air   ######....   17%         6    #####..
i - Iron Shot             Conj/Erth      ######....   12%         6    #####..

Your spell library contained the following spells:

 Spells                   Type           Power        Failure   Level  Hunger
 Sandblast                Erth           ######       1%          1    None
 Sting                    Conj/Pois      ####         1%          1    None
 Ensorcelled Hibernation  Hex/Ice        ####..       1%          2    None
 Passwall                 Tmut/Erth      #####...     1%          2    None
 Searing Ray              Conj           ######       1%          2    None
 Swiftness                Chrm/Air       #####...     1%          2    None
 Dazzling Spray           Conj/Hex       #####.       1%          3    None
 Stone Arrow              Conj/Erth      ######       1%          3    None
 Iskenderun's Mystic Bla  Conj           ######..     1%          4    None
 Force Lance              Conj/Tloc      ######..     2%          4    None
 Corona                   Hex            ###....      3%          1    None
 Lee's Rapid Deconstruct  Erth           ######....   3%          5    ###....
 Venom Bolt               Conj/Pois      ######....   3%          5    ###....
 Slow                     Hex            ###.....     4%          2    None
 Sublimation of Blood     Necr           ###.......   4%          2    None
 Ignite Poison            Fire/Tmut/Pois ####....     4%          3    None
 Fulminant Prism          Conj/Hex       #####.....   4%          4    None
 Petrify                  Tmut/Erth      #####...     6%          4    None
 Bolt of Magma            Conj/Fire/Erth ######....   8%          5    ###....
 Confuse                  Hex            ###.....     10%         3    None
 Tukima's Dance           Hex            ###.....     10%         3    None
 Irradiate                Conj/Tmut      #####.....   12%         5    ###....
 Iskenderun's Battlesphe  Conj/Chrm      #####...     12%         5    ###....
 Passage of Golubria      Tloc           N/A          14%         4    None
 Alistair's Intoxication  Tmut/Pois      ####....     26%         5    ###....
 Orb of Destruction       Conj           ######....   41%         7    ######.
 Spellforged Servitor     Conj/Summ      ######....   94%         7    ######.
 Darkness                 Hex            ###.......   99%         6    #####..
 Invisibility             Hex            ###.....     99%         6    #####..
 Ring of Flames           Chrm/Fire      ###.......   100%        7    ######.


Dungeon Overview and Level Annotations

Branches:
Dungeon (15/15)            Temple (1/1) D:4            Lair (6/6) D:11
  Swamp (0/4) Lair:2       Spider (2/4) Lair:3        Slime (0/5) Lair:5
    Orc (2/2) D:9             Elf (1/3) Orc:2        Vaults (0/5) D:13
 Depths (0/5) D:15

Altars:
Ashenzari
Cheibriados
Dithmenos
Elyvilon
Fedhas
Gozag
Hepliaklqana
Kikubaaqudgha
Makhleb
Nemelex Xobeh
Okawaru
Qazlal
Ru
Sif Muna
Trog
Uskayaw
Vehumet
Wu Jian
Xom
Yredelemnul
Zin
The Shining One
Beogh
Jiyva
Lugonu

Shops:
D:9 *   D:15 *==   Orc:1 }   Orc:2 [[(*(   Elf:1 [?:

Annotations:
D:3 2 transporters, fartbutt's ghost, amateur DsFi
D:11 1 runed translucent door, richardnixon's ghost, journeyman GrFi
D:12 3 runed translucent doors, 1 exclusion, mistaj's ghost, journeyman VSFi
D:13 1 runed translucent door
Lair:5 exclusion: oklob plant
Spider:2 Nikola
Orc:2 3 runed translucent doors, grandjackal's ghost, journeyman DsGl


Innate Abilities, Weirdness & Mutations

You can spit globs of acid.
Your golden yellow scales are hard. (AC +9)
You cannot fit into any form of body armour.
You have acidic saliva.
You are cold-blooded and may be slowed by cold attacks.
You are resistant to acid. (rCorr)


Message History

You slice the wolf spider!!
You kill the wolf spider!
The orb spider becomes distracted by the nearby gold, dreaming of imaginary riches.
The orb spider hisses angrily.
You are feeling hungry.
You barely miss Nikola. You tail-slap Nikola.
You bite Nikola, but do no damage.
Nikola is heavily wounded.
The demonic crawler is engulfed in freezing vapours.
Nikola is engulfed in blazing flames.
Nikola mumbles some strange words.
You hear a mighty clap of thunder!
The lightning arc hits you!!
* * * LOW HITPOINT WARNING * * *
The lightning arc hits the demonic crawler!
The demonic crawler resists.
The lightning arc hits you!!
* * * LOW HITPOINT WARNING * * *
The lightning arc hits Nikola!
The lightning arc hits you!!
You die...
Your body crumbles into a pile of gold.

..#.. .....
.#$...
......
......###
....s...###
#..$.$$..#
#§s@.#
.?^..§#@##
..... §§#
.... §§☼#
... ○§§..
.# .#....
.......
.#.#..###


You could see Nikola, a demonic crawler and an orb spider.

Vanquished Creatures
  Saint Roka (Orc:2)
  A ghost moth (Spider:1)
  Nessos (Lair:5)
  A minotaur (Gauntlet)
  6 dire elephants (Lair:6)
  A yaktaur captain (D:15)
  An ogre mage (D:15)
  Harold (D:10)
  A centaur warrior (D:15)
  9 vault guards
  10 two-headed ogres
  11 hydras
  A catoblepas (Lair:2)
  4 death yaks
  An anaconda (Lair:6)
  A tengu warrior (D:15)
  Urug (D:13)
  2 orc high priests (Orc:2)
  Sonja (Lair:1)
  A sun demon (Volcano)
  2 deep elf knights (Elf:1)
  A skeletal warrior (D:13)
  A fire crab (Lair:5)
  2 unseen horrors
  A wolf spider zombie (D:14)
  5 harpies (D:14)
  5 orc sorcerers
  4 deep elf archers
  2 orc knights
  8 wolf spiders
  5 deep elf magi (Elf:1)
  2 orb spiders
  5 ugly things
  3 cyclopes (D:15)
  A moth of wrath (Spider:1)
  12 elephants (Lair:6)
  2 manticores
  2 black mambas (Lair:2)
  A centaur zombie (D:13)
  Psyche (D:11)
  A torpor snail (Lair:6)
  A molten gargoyle (Volcano)
  6 gargoyles
  2 centaur skeletons (D:11)
  5 spiny frogs
  2 yaktaurs (D:15)
  2 demonic crawlers
  6 komodo dragons
  2 rime drakes
  A kobold demonologist (D:12)
  A red devil (Volcano)
  A queen bee (Lair:2)
  4 trolls
  3 polar bears
  9 jumping spiders
  16 blink frogs
  A hippogriff (shapeshifter) (D:13)
  2 hornets
  10 dream sheep
  9 hippogriffs
  4 slime creatures
  2 shadows
  4 tarantellas
  37 yaks
  2 wraiths (Lair:5)
  18 redbacks
  10 fire bats
  2 wyverns
  A basilisk (Lair:5)
  4 vampire mosquitoes (D:13)
  3 wargs
  A soldier ant (D:14)
  3 hell hounds
  An acid dragon (D:13)
  8 porcupines
  3 water moccasins (Lair:2)
  42 orc warriors
  2 eyes of draining
  4 ice beasts
  5 sky beasts
  A necrophage (D:9)
  3 phantoms
  14 ogres
  7 centaurs
  5 crocodiles
  6 big kobolds
  8 wolves
  2 elf zombies (D:7)
  11 bullfrogs
  2 gnoll sergeants
  A wyvern skeleton (D:10)
  5 scorpions
  28 killer bees
  6 wights
  3 howler monkeys
  13 crimson imps
  4 bullfrog zombies
  2 jellies
  7 lava snakes (Volcano)
  A quasit (D:10)
  4 human zombies (D:7)
  22 orc priests
  7 hounds
  Crazy Yiuf (D:4)
  3 bullfrog skeletons
  A gnoll shaman (D:7)
  4 iguanas
  35 orc wizards
  2 human skeletons (D:7)
  14 worker ants
  A hound zombie (D:7)
  A hound skeleton (D:11)
  A mummy (D:7)
  A worker ant zombie (D:8)
  17 adders
  16 gnolls
  3 shadow imps
  An ooze (D:1)
  An adder skeleton (D:7)
  A worm (D:5)
  2 dart slugs
  6 leopard geckos
  120 orcs
  8 giant cockroaches
  5 goblins
  9 hobgoblins
  21 jackals
  17 kobolds
  9 quokkas
  4 ball pythons
  13 bats
  12 frilled lizards
  2 leopard gecko skeletons
  A leopard gecko zombie (D:6)
  A quokka skeleton (D:4)
  7 rats
  3 plants
866 creatures vanquished.

Vanquished Creatures (collateral kills)
  Josephine (Lair:5)
  A death yak (Lair:6)
  A deep elf knight (D:13)
  A moth of wrath (Gauntlet)
  A black mamba (Lair:6)
  An elephant (Lair:6)
  4 spiny frogs
  2 rime drakes
  A blink frog (Lair:3)
  A dream sheep (D:9)
  2 yaks
  2 wraiths
  A hungry ghost (D:13)
  3 water moccasins
  A black bear (D:8)
  An ice beast (D:9)
  2 orc warriors
  A crocodile (Lair:2)
  A big kobold (D:9)
  A bullfrog (D:8)
  A scorpion (D:7)
  5 killer bees (Lair:2)
  A vampire bat (Lair:5)
  A crimson imp (D:7)
  2 hounds
  An orc priest (D:9)
  An iguana (D:9)
  An orc wizard (D:11)
  2 hound skeletons
  A mummy (D:7)
  4 gnolls
  7 adders
  A worm (D:2)
  A dart slug (D:1)
  10 orcs
  2 bats (D:3)
  2 giant cockroaches (D:3)
  3 hobgoblins
  5 jackals
  2 goblins (D:3)
82 creatures vanquished.

Vanquished Creatures (others)
  A two-headed ogre (D:11)
  An unseen horror (D:15)
  An air elemental (Elf:1)
  A fire elemental (Elf:1)
  A killer bee (Lair:2)
  A quokka (D:13)
  13 fungi
  2 plants
21 creatures vanquished.

Grand Total: 969 creatures vanquished

Notes
Turn   | Place    | Note
-------+----------+-------------------------------------------
     0 | D:1      | Lianjan the Draconian Wizard began the quest for the Orb.
     0 | D:1      | Reached XP level 1. HP: 14/14 MP: 4/4
     8 | D:1      | You fall through a shaft!
   299 | D:2      | Reached XP level 2. HP: 22/22 MP: 0/6
   307 | D:2      | Learned a level 2 spell: Call Imp
   310 | D:2      | Learned a level 2 spell: Blink
  1090 | D:1      | Reached XP level 3. HP: 24/27 MP: 1/7
  1800 | D:1      | Learned a level 3 spell: Mephitic Cloud
  2112 | D:2      | Reached skill level 1 in Fighting
  2686 | D:2      | Reached XP level 4. HP: 24/35 MP: 0/8
  3634 | D:3      | Reached XP level 5. HP: 17/40 MP: 1/10
  3650 | D:3      | Noticed an ogre
  3908 | D:3      | Found a glowing drain.
  3930 | Sewer    | Entered a sewer
  5158 | D:3      | Found a transporter.
  5158 | D:3      | Noticed fartbutt's ghost (amateur DsFi)
  5176 | D:3      | Found an opulent altar of Gozag.
  5249 | D:3      | Killed an ogre
  5249 | D:3      | Reached XP level 6. HP: 48/48 MP: 0/11
  5294 | D:3      | Became a worshipper of Gozag Ym Sagoz the Greedy
  5593 | D:3      | Found a transporter.
  5831 | D:4      | Learned a level 3 spell: Conjure Flame
  6215 | D:4      | Found a staircase to the Ecumenical Temple.
  6258 | Temple   | Entered the Ecumenical Temple
  6710 | D:4      | Found a deep blue altar of Sif Muna.
  6728 | D:4      | Your scales start taking on a golden yellow colour.
  6728 | D:4      | Reached XP level 7. HP: 56/56 MP: 5/12
  6728 | D:4      | Gained mutation: You are resistant to acid. (rCorr) [Yellow
                  | Draconian growth]
  6901 | D:4      | Found a runed translucent door.
  6902 | D:4      | Noticed Crazy Yiuf
  6912 | D:4      | Killed Crazy Yiuf
  7017 | D:5      | Entered Level 5 of the Dungeon
  7295 | D:5      | Reached skill level 5 in Conjurations
  7493 | D:5      | Reached XP level 8. HP: 53/66 MP: 4/14
  7775 | D:5      | Found a blossoming altar of Fedhas.
  9147 | D:6      | Reached skill level 5 in Spellcasting
  9288 | D:6      | Reached skill level 5 in Stealth
  9539 | D:7      | Reached skill level 5 in Fighting
  9874 | D:7      | Reached XP level 9. HP: 74/74 MP: 14/17
 10049 | D:7      | Found a basalt altar of Yredelemnul.
 10296 | D:7      | Reached skill level 5 in Dodging
 10391 | D:7      | Reached skill level 1 in Air Magic
 11340 | D:8      | Learned a level 2 spell: Poisonous Vapours
 11380 | D:8      | Found a sacrificial altar of Ru.
 11776 | D:9      | Noticed a troll
 11907 | D:9      | Reached skill level 1 in Poison Magic
 12156 | D:9      | Killed a troll
 12156 | D:9      | Reached XP level 10. HP: 32/83 MP: 12/19
 12871 | D:9      | Found a staircase to the Orcish Mines.
 13111 | D:9      | Found a stormy altar of Qazlal.
 13406 | D:9      | Noticed a three-headed hydra
 13413 | D:9      | Killed a three-headed hydra
 13793 | D:10     | Entered Level 10 of the Dungeon
 14569 | D:10     | Found an iron altar of Okawaru.
 14657 | D:10     | Found Rakoir's Food Emporium.
 14669 | D:10     | Reached XP level 11. HP: 86/93 MP: 16/22
 14685 | D:10     | Learned a level 4 spell: Olgreb's Toxic Radiance
 14706 | D:10     | Bought a ration for 60 gold pieces
 14706 | D:10     | Bought a ration for 60 gold pieces
 14706 | D:10     | Bought a ration for 60 gold pieces
 14706 | D:10     | Bought a ration for 60 gold pieces
 14706 | D:10     | Bought a ration for 60 gold pieces
 14706 | D:10     | Bought a ration for 60 gold pieces
 14706 | D:10     | Bought a ration for 60 gold pieces
 14706 | D:10     | Bought a ration for 60 gold pieces
 14706 | D:10     | Bought a ration for 60 gold pieces
 14706 | D:10     | Bought a ration for 60 gold pieces
 14706 | D:10     | Bought a ration for 60 gold pieces
 14706 | D:10     | Bought a ration for 60 gold pieces
 14975 | D:10     | Noticed a two-headed ogre
 14986 | D:10     | Killed a two-headed ogre
 15383 | D:11     | Noticed a two-headed ogre
 15385 | D:11     | Noticed a two-headed ogre
 15391 | D:11     | Killed a two-headed ogre
 15400 | D:11     | Killed a two-headed ogre
 15538 | D:11     | Noticed a cyan ugly thing
 15561 | D:10     | Killed a cyan ugly thing
 15561 | D:10     | Reached skill level 5 in Poison Magic
 15794 | D:11     | Noticed Psyche
 15809 | D:11     | Killed Psyche
 16122 | D:11     | Noticed Harold
 16674 | D:10     | Killed Harold
 17057 | D:11     | Found a staircase to the Lair.
 17257 | D:11     | Found a runed translucent door.
 17258 | D:11     | Noticed richardnixon's ghost (journeyman GrFi)
 17446 | Lair:1   | Entered Level 1 of the Lair of Beasts
 17646 | Lair:1   | Noticed Sonja
 17663 | Lair:1   | Learned a level 6 spell: Freezing Cloud
 17965 | Lair:1   | Killed Sonja
 17965 | Lair:1   | Reached skill level 1 in Ice Magic
 18184 | Lair:1   | Noticed a seven-headed hydra
 18215 | Lair:1   | Killed a seven-headed hydra
 18621 | Lair:1   | Reached XP level 12. HP: 100/103 MP: 16/24
 19740 | Lair:2   | Found a staircase to the Swamp.
 20098 | Lair:2   | Noticed a four-headed hydra
 20105 | Lair:2   | Killed a four-headed hydra
 20327 | Lair:2   | Noticed a catoblepas
 20738 | Lair:2   | Killed a catoblepas
 21712 | Lair:3   | Found a hole to the Spider Nest.
 21804 | Lair:3   | Reached skill level 5 in Air Magic
 22399 | Lair:3   | Reached skill level 5 in Ice Magic
 22740 | Lair:3   | Reached skill level 10 in Fighting
 23052 | Lair:4   | Noticed a four-headed hydra
 23068 | Lair:4   | Killed a six-headed hydra
 23192 | Lair:4   | Found an ornate altar of the Wu Jian Council.
 23283 | Lair:4   | Found a gate leading to a gauntlet.
 23305 | Gauntlet | Entered a Gauntlet
 23305 | Gauntlet | Found a transporter.
 23305 | Gauntlet | Found a transporter.
 23306 | Gauntlet | Found a transporter.
 23309 | Gauntlet | Found a transporter.
 23340 | Gauntlet | Found a transporter.
 23343 | Gauntlet | Found a transporter.
 23359 | Gauntlet | Found a transporter.
 23368 | Gauntlet | Noticed a death scarab
 23369 | Gauntlet | Noticed a death scarab
 23378 | Gauntlet | Found a transporter.
 23394 | Gauntlet | Found a transporter.
 23397 | Gauntlet | Found a transporter.
 23421 | Gauntlet | Found a transporter.
 23424 | Gauntlet | Found a transporter.
 24045 | Gauntlet | Noticed a minotaur
 24061 | Gauntlet | Killed a minotaur
 24061 | Gauntlet | Reached XP level 13. HP: 36/113 MP: 18/26
 24967 | Lair:5   | Found a dark tunnel.
 25115 | Volcano  | Entered a volcano
 25345 | Volcano  | Found a bloodstained altar of Trog.
 25367 | Volcano  | HP: 2/113 [sun demon (6)]
 26000 | Lair:5   | Noticed Josephine
 26007 | Lair:5   | Killed Josephine
 26007 | Lair:5   | Reached skill level 1 in Evocations
 26214 | Lair:5   | Noticed Nessos
 26273 | Lair:5   | Killed Nessos
 26273 | Lair:5   | Reached skill level 1 in Maces & Flails
 26315 | Lair:5   | Found a viscous altar of Jiyva.
 26320 | Lair:5   | Found a staircase to the Slime Pits.
 26613 | Lair:5   | Reached skill level 10 in Stealth
 27120 | Lair:6   | Entered Level 6 of the Lair of Beasts
 28198 | Lair:6   | Reached skill level 10 in Spellcasting
 28448 | Lair:6   | Gained mutation: You have acidic saliva. [Yellow Draconian
                  | growth]
 28448 | Lair:6   | Reached XP level 14. HP: 104/121 MP: 28/28
 29910 | Lair:6   | Reached skill level 10 in Dodging
 30067 | Lair:6   | Found the +8 autumn katana {slice, Clar}
 30544 | Lair:6   | Reached skill level 10 in Conjurations
 30708 | Lair:6   | Reached skill level 1 in Long Blades
 30832 | Lair:6   | Reached skill level 5 in Evocations
 31625 | Orc:1    | Entered Level 1 of the Orcish Mines
 31934 | Orc:2    | Entered Level 2 of the Orcish Mines
 32100 | Orc:2    | Found Ujappy's Weapon Boutique.
 32178 | Orc:2    | Found a roughly hewn altar of Beogh.
 32312 | Orc:2    | Reached skill level 1 in Shields
 32866 | Orc:2    | Noticed Saint Roka
 32897 | Orc:2    | Killed Saint Roka
 33171 | Orc:2    | Found Xerauv's Antique Armour Shop.
 33171 | Orc:2    | Found a roughly hewn altar of Beogh.
 33175 | Orc:2    | Found Naiq Ysi's Antique Weapon Boutique.
 33385 | Orc:2    | Found a roughly hewn altar of Beogh.
 33514 | Orc:2    | Found a roughly hewn altar of Beogh.
 33561 | Orc:2    | Found Ponang's Armour Shoppe.
 33573 | Orc:2    | Bought a +0 pair of gloves for 49 gold pieces
 33591 | Orc:2    | Found a roughly hewn altar of Beogh.
 33611 | Orc:2    | Found a roughly hewn altar of Beogh.
 33637 | Orc:2    | Found Dustuc's Assorted Antiques.
 33657 | Orc:2    | Bought a tourmaline ring for 145 gold pieces
 33657 | Orc:2    | Bought a scroll of teleportation for 87 gold pieces
 33657 | Orc:2    | Bought a scroll of magic mapping for 101 gold pieces
 33657 | Orc:2    | Bought a wand of iceblast (8) for 116 gold pieces
 33657 | Orc:2    | Bought a fan of gales for 1160 gold pieces
 33657 | Orc:2    | Bought a scroll of immolation for 101 gold pieces
 33657 | Orc:2    | Bought a potion of haste for 290 gold pieces
 33657 | Orc:2    | Bought a scroll of enchant weapon for 217 gold pieces
 33657 | Orc:2    | Bought a metal-bound book for 435 gold pieces
 34056 | Orc:2    | Found a staircase to the Elven Halls.
 34060 | Orc:2    | Found a radiant altar of Vehumet.
 34068 | Orc:2    | Found a runed translucent gate.
 34068 | Orc:2    | Found a runed translucent gate.
 34068 | Orc:2    | Found a runed translucent gate.
 34071 | Orc:2    | Identified the +8 lajatang of Rietunty {drain, rN+ Int+4}
 34072 | Orc:2    | Noticed grandjackal's ghost (journeyman DsGl)
 34093 | Orc:2    | Found a roughly hewn altar of Beogh.
 34472 | Orc:1    | Found Mawexex's Gadget Shop.
 34697 | Orc:1    | Bought a wand of acid (9) for 364 gold pieces
 34697 | Orc:1    | Bought a wand of clouds (5) for 378 gold pieces
 34697 | Orc:1    | Bought a wand of iceblast (9) for 182 gold pieces
 34697 | Orc:1    | Bought a lamp of fire for 560 gold pieces
 35272 | D:12     | Found a runed translucent gate.
 35274 | D:12     | Found a runed translucent gate.
 35276 | D:12     | Identified the +1 leather armour "Haghuwenn" {-Cast rPois
                  | rN++ Int-2}
 35277 | D:12     | Found a runed translucent gate.
 35318 | D:12     | Identified the Grimoire of Earthen Contamination
 35327 | D:12     | Learned a level 6 spell: Iron Shot
 35383 | D:12     | Noticed mistaj's ghost (journeyman VSFi)
 35488 | D:12     | Reached XP level 15. HP: 122/126 MP: 24/29
 35696 | D:12     | Reached skill level 1 in Earth Magic
 35890 | D:13     | Found a gate to the Vaults.
 36250 | D:13     | Noticed Urug
 36270 | D:13     | Killed Urug
 36310 | D:13     | Found a runed translucent door.
 36434 | D:13     | Noticed a shadow dragon
 36435 | D:13     | Noticed a golden dragon
 36435 | D:13     | a shadow dragon changed into a golden dragon
 36436 | D:13     | Noticed a caustic shrike
 36436 | D:13     | a golden dragon changed into a caustic shrike
 36439 | D:13     | Noticed an acid blob
 36439 | D:13     | a caustic shrike changed into an acid blob
 36445 | D:13     | Noticed a frost giant
 36445 | D:13     | an acid blob changed into a frost giant
 36569 | D:13     | Noticed an azure jelly
 36838 | D:13     | Found a white marble altar of Elyvilon.
 36973 | D:13     | Reached skill level 5 in Long Blades
 38213 | D:14     | Reached skill level 5 in Shields
 38562 | D:15     | Entered Level 15 of the Dungeon
 38563 | D:15     | Found a corrupted altar of Lugonu.
 38722 | D:9      | Bought a wand of acid (9) for 288 gold pieces
 38722 | D:9      | Bought a brightly glowing golden ring for 180 gold pieces
 38876 | Spider:1 | Entered Level 1 of the Spider Nest
 39107 | Lair:3   | Identified the ring of Doryruso {rC++ Stlth+} (You bought
                  | it in a shop on level 9 of the Dungeon)
 39263 | D:15     | Reached skill level 5 in Earth Magic
 39315 | D:15     | Paralysed by an ogre mage for 7 turns
 39934 | D:15     | Found Pinanum's General Store.
 39941 | D:15     | Bought a scroll of teleportation for 45 gold pieces
 39941 | D:15     | Bought a potion of heal wounds for 75 gold pieces
 40476 | D:15     | Found a staircase to the Depths.
 40799 | Elf:1    | Entered Level 1 of the Elven Halls
 41206 | Elf:1    | Reached XP level 16. HP: 106/134 MP: 20/30
 41264 | Elf:1    | Found Cyzxue's Book Boutique.
 41301 | Elf:1    | Found Haturur's Magic Scroll Boutique.
 41459 | Elf:1    | Bought a scroll of fog for 28 gold pieces
 41459 | Elf:1    | Bought a scroll of teleportation for 42 gold pieces
 41459 | Elf:1    | Bought a scroll of fog for 28 gold pieces
 41459 | Elf:1    | Bought a scroll of identify for 28 gold pieces
 41459 | Elf:1    | Bought a scroll of identify for 28 gold pieces
 41459 | Elf:1    | Bought a scroll of identify for 28 gold pieces
 41501 | Elf:1    | Found Miubofej's Antique Armour Boutique.
 41505 | Elf:1    | Bought a pair of embroidered gloves for 172 gold pieces
 41505 | Elf:1    | Bought an embroidered cloak for 172 gold pieces
 42545 | Spider:1 | HP: 6/134 [poisoned by a wolf spider]
 42550 | Spider:1 | HP: 6/134 [poisoned by a wolf spider]
 42556 | Spider:1 | HP: 6/134 [poisoned by a wolf spider]
 42934 | Spider:2 | Identified the cursed +0 pair of gloves of Texuni {rC+}
 42934 | Spider:2 | Noticed Nikola
 42952 | Spider:2 | Killed from afar by Nikola

Levels and vault maps discovered:
D:1:      erik_arrival_triangle_medium, layout_basic, minmay_tree_intersection
D:2:      layout_basic
D:3:      layout_rooms, grunt_gozag_statues, gup_sewer_entry_pipe,
          gammafunk_ghost_mausoleum, minmay_box_of_dots
D:4:      layout_rooms, led_sif_book, minmay_temple_entry_mist,
          minmay_misc_feat_plants, uniq_crazy_yiuf_cottage
D:5:      cheibrodos_fzero, layout_basic, lemuel_doored_altar, first_ration
D:6:      layout_basic
D:7:      layout_basic, lemuel_mausoleum_altar_yredelemnul
D:8:      layout_basic, nicolae_ru_sacrificial_ziggurat,
          minmay_misc_feat_pillars
D:9:      layout_loops_ring, grunt_qazlal_clouds, orc_david_3, hangedman_ranch
          [blue_anna_fruit_fields], lightli_fourway_metalbox
D:10:     layout_loops_corners, serial_shops, shop, okawaru_metal_pillars_1_2
D:11:     layout_cave_pools, lair_entry_dummy, ebering_ghost_inner_flame,
          uniq_psyche, uniq_harold
D:12:     layout_roguey, maelrawn_ghost_gauntlet_escape, st_stairs_13
D:13:     hangedman_cross_stitches, layout_grid_maze,
          lightli_vaults_fourway_checkpoint, minmay_st_funbox, elyvilon_altar_4,
          uniq_urug
D:14:     layout_loops_ring, small_statue_alley_a
D:15:     grunt_enter_depths_snipers, layout_cave_pools, serial_shops, shop,
          tgw_lugonu_bribe
Temple:   regret_index_temple_sphere_string
Lair:1:   layout_gridlike, lemuel_fruit_tree, uniq_sonja
Lair:2:   layout_loops_ring, swamp_mist, special_room [special_room_bee],
          st_stairs_5, hangedman_lair_generics_rect
Lair:3:   layout_chaotic_city, spider_nest_entry_funnel_web
Lair:4:   layout_misc_corridors, basic_altar, gauntlet_entry_generic
Lair:5:   layout_gridlike, slime_altar_1, enter_volcano_3, st_stairs_11,
          minmay_lair_oklob_bushes, roderic_batcave, uniq_nessos, uniq_josephine
Lair:6:   due_jungle_book, layout_cave_pods
Spider:1: layout_spider_delve
Spider:2: layout_spider_delve, uniq_nikola
Orc:1:    layout_caves, serial_shops, nicolae_shop_crystal
Orc:2:    grunt_orc_community_town_hall, layout_caves,
          grunt_orc_community_big_house_2, grunt_orc_community_big_house_1,
          grunt_orc_community_house_3, grunt_orc_community_house_2,
          grunt_orc_community_house_3, grunt_orc_community_house_1,
          biasface_ghost_orc_armoury, serial_shops, nicolae_shop_stone,
          basic_altar, uniq_saint_roka
Elf:1:    minmay_elf_arrival_circle, layout_loops_cross, serial_shops,
          shop_fountains, shop_coins, shop, shop, shop_fountains, enter_trove_5,
          orc_legates, minivault_25_ag, minmay_shop_grove
Sewer:    sewer_co_scattered_pipes
Volcano:  volcano_grotto [vgs_original]
Gauntlet: minmay_gauntlet_mixed_big_or_small
          [gammafunk_gauntlet_arena_split_diamond,
          minmay_gauntlet_arena_77_terracotta_army,
          nicolae_gauntlet_arena_quarters,
          minmay_gauntlet_arena_77_chump_sandwich,
          gammafunk_gauntlet_arena_grid, minmay_gauntlet_arena_77_two_lines,
          gauntlet_exit_watery]

Skill      XL: |  1  2  3  4  5  6  7  8  9 10 11 12 13 14 15 16 |
---------------+-------------------------------------------------+-----
Stealth        | 2 3 4 5 6 7 8 9 10 | 10.0
Dodging        | 2 3 4 5 7 8 9 10 | 10.3
Fighting       | 1 2 3 5 6 8 9 10 | 10.1
Conjurations   | 2 3 4 5 6 9 10 | 10.0
Translocations | 2 |  2.0
Summonings     | 2 |  2.0
Spellcasting   | 4 5 6 7 8 9 10 | 10.5
Air Magic      | 2 3 6 8 9 |  9.0
Poison Magic   | 1 4 6 |  6.0
Ice Magic      | 2 5 6 |  6.0
Evocations     | 3 6 7 |  7.0
Maces & Flails | 3 4 |  4.4
Long Blades    | 4 6 7 |  7.5
Shields        | 3 6 7 |  7.0
Earth Magic    | 7 8 |  8.3

Action                   |  1- 3 |  4- 6 |  7- 9 | 10-12 | 13-15 | 16-18 || total
-------------------------+-------+-------+-------+-------+-------+-------++-------
Melee: Dagger            |     8 |   270 |   363 |   610 |    16 |       ||  1267
       Rapier            |    27 |     9 |       |       |       |       ||    36
       Tailslap          |     2 |    24 |    43 |    70 |    87 |     5 ||   231
       Trident           |       |       |    76 |     7 |       |       ||    83
       Halberd           |       |       |     9 |     3 |    55 |       ||    67
       Demon whip        |       |       |       |       |   209 |       ||   209
       Spear             |       |       |       |       |    12 |       ||    12
       Katana            |       |       |       |       |   457 |    83 ||   540
       Bite              |       |       |       |       |    63 |     4 ||    67
Throw: Stone             |       |       |       |     1 |       |       ||     1
       Tomahawk          |       |       |       |       |     4 |       ||     4
 Cast: Magic Dart        |    80 |    95 |   156 |   229 |   252 |     6 ||   818
       Call Imp          |    10 |    20 |    48 |    76 |    51 |       ||   205
       Mephitic Cloud    |     1 |     4 |    15 |    24 |    32 |     3 ||    79
       Blink             |       |       |     4 |    14 |    27 |     1 ||    46
       Conjure Flame     |       |       |     6 |    21 |     2 |       ||    29
       Poisonous Vapours |       |       |       |    20 |    70 |     4 ||    94
       Olgreb's Toxic Ra |       |       |       |    22 |   147 |    14 ||   183
       Freezing Cloud    |       |       |       |       |    21 |     1 ||    22
       Iron Shot         |       |       |       |       |     1 |     2 ||     3
Invok: Potion Petition   |       |       |       |       |     3 |       ||     3
       Call Merchant     |       |       |       |       |     3 |       ||     3
 Abil: Breathe Acid      |       |       |    14 |    43 |    72 |     8 ||   137
Evoke: Wand              |       |       |       |    15 |    46 |     2 ||    63
       Lamp of fire      |       |       |       |       |     2 |     1 ||     3
  Use: Scroll            |       |    12 |     8 |     3 |    12 |     3 ||    38
       Potion            |       |       |       |     3 |     6 |       ||     9
 Stab: Sleeping          |     1 |     1 |     8 |     5 |    12 |       ||    27
       Distracted        |       |       |     6 |     4 |     5 |       ||    15
       Confused          |       |       |     2 |     4 |    10 |     1 ||    17
       Paralysed         |       |       |       |     2 |     4 |       ||     6
       Invisible         |       |       |       |       |     2 |       ||     2
  Eat: Chunk             |     4 |     9 |       |       |       |       ||    13
       Ration            |     1 |     1 |     7 |    13 |    22 |     2 ||    46
Armor: Skin              |    17 |   105 |   176 |   217 |   183 |    35 ||   733
Dodge: Dodged            |    43 |   188 |   310 |   608 |   587 |    92 ||  1828
       Rpst.: Katana     |       |       |       |       |    81 |    22 ||   103

Table legend:
 A = Non-vault XP
 B = Vault XP
 C = Vault XP percentage of total XP
 D = Non-vault monster count
 E = Vault monster count
 F = Vault count percentage of total count
                 A         B        C        D         E       F
            +---------+---------+-------+---------+---------+-------
      Total |  115229 |   55465 |  32.5 |     687 |     263 |  27.7
            +---------+---------+-------+---------+---------+-------
        D:1 |      39 |       0 |   0.0 |      20 |       0 |   0.0
        D:2 |      98 |       0 |   0.0 |      29 |       0 |   0.0
        D:3 |     226 |      65 |  22.3 |      31 |       8 |  20.5
        D:4 |     285 |     120 |  29.6 |      21 |       3 |  12.5
        D:5 |     148 |     480 |  76.4 |       7 |      13 |  65.0
        D:6 |    1051 |       0 |   0.0 |      28 |       0 |   0.0
        D:7 |     775 |     654 |  45.8 |      20 |      12 |  37.5
        D:8 |     561 |       0 |   0.0 |      19 |       0 |   0.0
        D:9 |    2367 |    2427 |  50.6 |      55 |      17 |  23.6
       D:10 |    3787 |     780 |  17.1 |      39 |       1 |   2.5
       D:11 |    3304 |     384 |  10.4 |      28 |       1 |   3.4
       D:12 |    5710 |      70 |   1.2 |      45 |       2 |   4.3
       D:13 |    3226 |   11724 |  78.4 |      20 |      25 |  55.6
       D:14 |    9391 |       0 |   0.0 |      28 |       0 |   0.0
       D:15 |   12151 |    2313 |  16.0 |      28 |       3 |   9.7
     Lair:1 |    4296 |     820 |  16.0 |      23 |       1 |   4.2
     Lair:2 |    1979 |    4457 |  69.3 |       9 |      32 |  78.0
     Lair:3 |    5386 |     295 |   5.2 |      23 |       1 |   4.2
     Lair:4 |    3260 |       0 |   0.0 |       9 |       0 |   0.0
     Lair:5 |    2954 |    4055 |  57.9 |       9 |      19 |  67.9
     Lair:6 |   27073 |    2759 |   9.2 |      60 |       5 |   7.7
   Spider:1 |   11434 |       0 |   0.0 |      30 |       0 |   0.0
   Spider:2 |    3857 |       0 |   0.0 |      12 |       0 |   0.0
      Orc:1 |    3113 |       0 |   0.0 |      39 |       0 |   0.0
      Orc:2 |    4331 |   11532 |  72.7 |      47 |      66 |  58.4
      Elf:1 |    4427 |    4986 |  53.0 |       8 |       7 |  46.7
      Sewer |       0 |      51 | 100.0 |       0 |      21 | 100.0
    Volcano |       0 |    5315 | 100.0 |       0 |      21 | 100.0
   Gauntlet |       0 |    2178 | 100.0 |       0 |       5 | 100.0
            +---------+---------+-------+---------+---------+-------
